SAA
DURHAM RAPIERS @ LITTLE CAESARS HOT N READYS
09/02/2025
 
TOP OF THE 1ST
Durham Rapiers batting - Pitching for Little Caesars Hot N Readys : RHP Leif Mayer
Pitching: RHP Leif Mayer
Batting: RHB Jesús Martínez 0-0: Called Strike
0-1: Swinging Strike
0-2: Strikes out swinging
Batting: LHB Jesús Morales 0-0: Foul Ball, location: 2F
0-1: Swinging Strike
0-2: Strikes out swinging
Batting: RHB Jules Winnfield 0-0: Called Strike
0-1: Called Strike
0-2: Ball
1-2: Ball
2-2: Strikes out looking
Top of the 1st over - 0 run(s), 0 hit(s), 0 error(s), 0 left on base; Durham 0 - Little Caesars 0
BOTTOM OF THE 1ST
Little Caesars Hot N Readys batting - Pitching for Durham Rapiers : RHP Dave Seals
Pitching: RHP Dave Seals
Batting: RHB Noe Grohman 0-0: Ball
1-0: Ball
2-0: Called Strike
2-1: Ball
3-1: Base on Balls
Batting: RHB Jackie Coogan 0-0: Ball
1-0: Swinging Strike
1-1: Swinging Strike
1-2: Ball
2-2: Grounds into double play, 6-4-3 (Groundball, 6)
Batting: RHB Mo Zhou 0-0: Ball
1-0: Ball
2-0: Foul Ball, location: 2F
2-1: Ball
3-1: Swinging Strike
3-2: Foul Ball, location: 2F
3-2: Fly out, F9 (Flyball, 9D)
Bottom of the 1st over - 0 run(s), 0 hit(s), 0 error(s), 0 left on base; Durham 0 - Little Caesars 0
TOP OF THE 2ND
Durham Rapiers batting - Pitching for Little Caesars Hot N Readys : RHP Leif Mayer
Batting: RHB Sean Godron 0-0: Fly out, F8 (Flyball, 8RM)
Batting: RHB Alberto Rodríguez 0-0: Swinging Strike
0-1: Ground out 4-3 (Groundball, 4)
Batting: RHB António Díaz 0-0: Called Strike
0-1: Foul Ball, location: 2F
0-2: Fly out, F9 (Flyball, 9S)
Top of the 2nd over - 0 run(s), 0 hit(s), 0 error(s), 0 left on base; Durham 0 - Little Caesars 0
BOTTOM OF THE 2ND
Little Caesars Hot N Readys batting - Pitching for Durham Rapiers : RHP Dave Seals
Batting: LHB Jason Potter 0-0: Ball
1-0: Called Strike
1-1: Foul Ball, location: 2F
1-2: Strikes out swinging
Batting: RHB Keith Burnett 0-0: Ball
1-0: Ball
2-0: Called Strike
2-1: Foul Ball, location: 2F
2-2: Fly out, F9 (Flyball, 89D)
Batting: SHB Mike Barton 0-0: Called Strike
0-1: Ball
1-1: Ball
2-1: SINGLE (Groundball, 34D)
Batting: RHB Carl Wheezer 0-0: Swinging Strike
0-1: Called Strike
0-2: SINGLE (Line Drive, 4D)
Mike Barton to second
Batting: LHB Sisto Pagnamenta 0-0: Fly out, F5 (Popup, 5L)
Bottom of the 2nd over - 0 run(s), 2 hit(s), 0 error(s), 2 left on base; Durham 0 - Little Caesars 0
TOP OF THE 3RD
Durham Rapiers batting - Pitching for Little Caesars Hot N Readys : RHP Leif Mayer
Batting: RHB Luis Dávila 0-0: Ball
1-0: Foul Ball, location: 2F
1-1: Ground out 4-3 (Groundball, 4)
Batting: RHB Carlos Evangelho 0-0: Swinging Strike
0-1: Ball
1-1: DOUBLE (Line Drive, 7LM)
Batting: RHB Santo Alba 0-0: Ball
1-0: Swinging Strike
1-1: Ball
2-1: Swinging Strike
2-2: Strikes out looking
Batting: RHB Jesús Martínez 0-0: SINGLE (Groundball, 6D)
Carlos Evangelho to third
Batting: LHB Jesús Morales 0-0: Ball
1-0: Ball
2-0: Foul Ball, location: 2F
2-1: Foul Ball, location: 2F
2-2: Fly out, F7 (Flyball, 78M)
Top of the 3rd over - 0 run(s), 2 hit(s), 0 error(s), 2 left on base; Durham 0 - Little Caesars 0
BOTTOM OF THE 3RD
Little Caesars Hot N Readys batting - Pitching for Durham Rapiers : RHP Dave Seals
Batting: RHB George St. Clair 0-0: Called Strike
0-1: Ball
1-1: Ball
2-1: Ball
3-1: Base on Balls
Batting: RHB Noe Grohman 0-0: Foul Ball, location: 2F
0-1: Ball
1-1: Ball
2-1: Called Strike
2-2: SINGLE (Groundball, 6MD)
George St. Clair to second
Batting: RHB Jackie Coogan 0-0: Grounds into double play, 5-4-3 (Groundball, 56)
George St. Clair to third
Batting: RHB Mo Zhou 0-0: DOUBLE (Line Drive, 7D)
George St. Clair scores
Batting: LHB Jason Potter 0-0: Called Strike
0-1: Ball
1-1: Ground out 3-1 (Groundball, 34D)
Bottom of the 3rd over - 1 run(s), 2 hit(s), 0 error(s), 1 left on base; Durham 0 - Little Caesars 1
TOP OF THE 4TH
Durham Rapiers batting - Pitching for Little Caesars Hot N Readys : RHP Leif Mayer
Batting: RHB Jules Winnfield 0-0: Ball
1-0: Swinging Strike
1-1: Called Strike
1-2: Fly out, F3 (Popup, 3)
Batting: RHB Sean Godron 0-0: SINGLE (Line Drive, 6D)
Batting: RHB Alberto Rodríguez 0-0: Ball
1-0: Called Strike
1-1: Ball
2-1: DOUBLE (Line Drive, 5D)
Sean Godron to third
Runner from 3rd tries for Home, SAFE, no throw
Batting: RHB António Díaz 0-0: Foul Ball, location: 2F
0-1: Called Strike
0-2: Ball
1-2: Ball
2-2: Foul Ball, location: 2F
2-2: Ball
3-2: Foul Ball, location: 2F
3-2: Foul Ball, location: 2F
3-2: Strikes out looking
Batting: RHB Luis Dávila 0-0: Called Strike
0-1: Ball
1-1: Ball
2-1: Fly out, F9 (Flyball, 9S)
Top of the 4th over - 1 run(s), 2 hit(s), 0 error(s), 1 left on base; Durham 1 - Little Caesars 1
BOTTOM OF THE 4TH
Little Caesars Hot N Readys batting - Pitching for Durham Rapiers : RHP Dave Seals
Batting: RHB Keith Burnett 0-0: Ball
1-0: Ball
2-0: Called Strike
2-1: Ball
3-1: Base on Balls
Batting: SHB Mike Barton 0-0: Ball
1-0: Foul Ball, location: 2F
1-1: Ball
2-1: SINGLE (Groundball, 5D)
Keith Burnett to second
Batting: RHB Carl Wheezer 0-0: Ball
1-0: Called Strike
1-1: Ball
2-1: Ball
3-1: Foul Ball, location: 2F
3-2: Foul Ball, location: 2F
3-2: Base on Balls
Keith Burnett to third
Mike Barton to second
Batting: LHB Sisto Pagnamenta 0-0: Called Strike
0-1: Ball
1-1: Foul Ball, location: 2F
1-2: Strikes out looking
Batting: RHB George St. Clair 0-0: Foul Ball, location: 2F
0-1: Swinging Strike
0-2: Fly out, F8 (Flyball, 78M)
Runner from 3rd tags up, SCORES, throw made
Batting: RHB Noe Grohman 0-0: Ball
1-0: Swinging Strike
1-1: Ball
2-1: Fly out, F6 (Popup, 6)
Bottom of the 4th over - 1 run(s), 1 hit(s), 0 error(s), 2 left on base; Durham 1 - Little Caesars 2
TOP OF THE 5TH
Durham Rapiers batting - Pitching for Little Caesars Hot N Readys : RHP Leif Mayer
Batting: RHB Carlos Evangelho 0-0: Ball
1-0: Ground out 3-1 (Groundball, 34S)
Batting: RHB Santo Alba 0-0: Called Strike
0-1: Ball
1-1: Ball
2-1: Foul Ball, location: 2F
2-2: Ball
3-2: Foul Ball, location: 2F
3-2: Fly out, F7 (Flyball, 7)
Batting: RHB Jesús Martínez 0-0: Called Strike
0-1: Called Strike
0-2: Strikes out swinging
Top of the 5th over - 0 run(s), 0 hit(s), 0 error(s), 0 left on base; Durham 1 - Little Caesars 2
BOTTOM OF THE 5TH
Little Caesars Hot N Readys batting - Pitching for Durham Rapiers : RHP Dave Seals
Batting: RHB Jackie Coogan 0-0: Ball
1-0: Ball
2-0: Ball
3-0: Base on Balls
Batting: RHB Mo Zhou 0-0: 2-RUN HOME RUN (Flyball, 7D), Distance : 385 ft
Batting: LHB Jason Potter 0-0: Fly out, F7 (Flyball, 7S)
Batting: RHB Keith Burnett 0-0: Ball
1-0: SINGLE (Line Drive, 8LS)
Batting: SHB Mike Barton 0-0: Called Strike
0-1: SINGLE (Line Drive, 8LS)
Keith Burnett to second
Batting: RHB Carl Wheezer 0-0: Ball
1-0: Grounds into double play, 6-4-3 (Groundball, 6)
Bottom of the 5th over - 2 run(s), 3 hit(s), 0 error(s), 1 left on base; Durham 1 - Little Caesars 4
TOP OF THE 6TH
Durham Rapiers batting - Pitching for Little Caesars Hot N Readys : RHP Leif Mayer
Batting: LHB Jesús Morales 0-0: SOLO HOME RUN (Flyball, 89XD), Distance : 420 ft
Batting: RHB Jules Winnfield 0-0: Called Strike
0-1: Ball
1-1: Swinging Strike
1-2: Ball
2-2: Strikes out swinging
Pitching: RHP Noah Shellenbarger
Batting: RHB Sean Godron 0-0: SOLO HOME RUN (Flyball, 78XD), Distance : 436 ft
Batting: RHB Alberto Rodríguez 0-0: Swinging Strike
0-1: Called Strike
0-2: Fly out, F8 (Flyball, 8RS)
Batting: RHB António Díaz 0-0: Called Strike
0-1: Foul Ball, location: 2F
0-2: Foul Ball, location: 2F
0-2: Ball
1-2: Ground out 1-3 (Groundball, 13S)
Top of the 6th over - 2 run(s), 2 hit(s), 0 error(s), 0 left on base; Durham 3 - Little Caesars 4
BOTTOM OF THE 6TH
Little Caesars Hot N Readys batting - Pitching for Durham Rapiers : RHP Dave Seals
Batting: LHB Sisto Pagnamenta 0-0: Ball
1-0: Ball
2-0: Called Strike
2-1: Swinging Strike
2-2: SINGLE (Line Drive, 78M)
Batting: RHB George St. Clair 0-0: Sac Bunt - play at first, batter OUT! 1-4
Sisto Pagnamenta to second
Batting: RHB Noe Grohman 0-0: Fly out, F8 (Flyball, 8LM)
Runner from 2nd tags up, SAFE at 3rd with throw
Batting: RHB Jackie Coogan 0-0: Foul Ball, location: 2F
0-1: Ball
1-1: Ball
2-1: Called Strike
2-2: SINGLE (Groundball, 6MD)
Sisto Pagnamenta scores
Batting: RHB Mo Zhou 0-0: Ball
1-0: Foul Ball, location: 2F
1-1: Fly out, F4 (Line Drive, 4M)
Bottom of the 6th over - 1 run(s), 2 hit(s), 0 error(s), 1 left on base; Durham 3 - Little Caesars 5
TOP OF THE 7TH
Durham Rapiers batting - Pitching for Little Caesars Hot N Readys : RHP Noah Shellenbarger
Batting: RHB Luis Dávila 0-0: Ball
1-0: Ball
2-0: Called Strike
2-1: Foul Ball, location: 2F
2-2: Ball
3-2: SINGLE (Groundball, 3D)
Batting: RHB Carlos Evangelho 0-0: Sac Bunt - play at first, batter OUT! 3-4
Luis Dávila to second
Batting: RHB Santo Alba 0-0: Swinging Strike
0-1: Fly out, F4 (Popup, 34D)
Batting: RHB Jesús Martínez 0-0: Ball
1-0: Ball
2-0: Ball
3-0: Called Strike
3-1: Foul Ball, location: 2F
3-2: Fly out, F9 (Flyball, 9)
Top of the 7th over - 0 run(s), 1 hit(s), 0 error(s), 1 left on base; Durham 3 - Little Caesars 5
BOTTOM OF THE 7TH
Little Caesars Hot N Readys batting - Pitching for Durham Rapiers : RHP Dave Seals
Batting: LHB Jason Potter 0-0: Swinging Strike
0-1: SINGLE (Groundball, 34D)
Batting: RHB Keith Burnett 0-0: Ball
1-0: Called Strike
1-1: Foul Ball, location: 2F
1-2: Strikes out swinging
Batting: SHB Mike Barton 0-0: Ball
1-0: Swinging Strike
1-1: Ball
2-1: Ball
3-1: Called Strike
3-2: Foul Ball, location: 2F
3-2: Base on Balls
Jason Potter to second
Pinch Hitting: LHB Sean Angwin 0-0: Foul Ball, location: 2F
0-1: Ball
1-1: Ball
2-1: Foul Ball, location: 2F
2-2: SINGLE (Line Drive, 4MD)
Jason Potter to third
Mike Barton to second
Pitching: RHP José Morales
Batting: LHB Sisto Pagnamenta 0-0: Ball
1-0: Foul Ball, location: 2F
1-1: Called Strike
1-2: Strikes out looking
Pinch Hitting: RHB Alex Maxwell 0-0: Fielders Choice at 2nd, 5-4 (Groundball, 56)
Bottom of the 7th over - 0 run(s), 2 hit(s), 0 error(s), 2 left on base; Durham 3 - Little Caesars 5
TOP OF THE 8TH
Durham Rapiers batting - Pitching for Little Caesars Hot N Readys : RHP Noah Shellenbarger
Now at 2B: Bartolo Benítez
Now in LF: Alex Maxwell
Batting: LHB Jesús Morales 0-0: Ball
1-0: Ball
2-0: Called Strike
2-1: Foul Ball, location: 2F
2-2: Ball
3-2: Fly out, F6 (Popup, 6D)
Batting: RHB Jules Winnfield 0-0: Swinging Strike
0-1: Foul Ball, location: 2F
0-2: Strikes out swinging
Batting: RHB Sean Godron 0-0: Fly out, F9 (Flyball, 9S)
Top of the 8th over - 0 run(s), 0 hit(s), 0 error(s), 0 left on base; Durham 3 - Little Caesars 5
BOTTOM OF THE 8TH
Little Caesars Hot N Readys batting - Pitching for Durham Rapiers : RHP José Morales
Batting: RHB Noe Grohman 0-0: Called Strike
0-1: Swinging Strike
0-2: Ball
1-2: Foul Ball, location: 2F
1-2: Ball
2-2: Strikes out swinging
Batting: RHB Jackie Coogan 0-0: Ball
1-0: Called Strike
1-1: Ground out U3 (Groundball, 34)
Batting: RHB Mo Zhou 0-0: Foul Ball, location: 2F
0-1: Foul Ball, location: 2F
0-2: Ground out 6-3 (Groundball, 6)
Bottom of the 8th over - 0 run(s), 0 hit(s), 0 error(s), 0 left on base; Durham 3 - Little Caesars 5
TOP OF THE 9TH
Durham Rapiers batting - Pitching for Little Caesars Hot N Readys : RHP Noah Shellenbarger
Pitching: RHP Ciríaco Muro
Batting: RHB Alberto Rodríguez 0-0: Swinging Strike
0-1: Ground out 6-3 (Groundball, 6)
Batting: RHB António Díaz 0-0: Called Strike
0-1: Ball
1-1: SINGLE (Flyball, 89S)
Pinch Hitting: LHB Mayer Röhricht 0-0: Ball
1-0: Foul Ball, location: 2F
1-1: Foul Ball, location: 2F
1-2: Strikes out swinging
Pinch Hitting: LHB Alberto Arredondo 0-0: Ball
1-0: Foul Ball, location: 2F
1-1: Ball
2-1: Called Strike
2-2: Fly out, F9 (Flyball, 9S)
Top of the 9th over - 0 run(s), 1 hit(s), 0 error(s), 1 left on base; Durham 3 - Little Caesars 5
Friday, December 30th, 2016 - OOTP Baseball 17.12 Build 75